Cogmind - Beta 13 @@@ ROGUE MODE // 2024.04.06 @ 18:38:44 Player: Florist Result: Destroyed by G-47 Trooper with Particle Gun Performance ------------- Evolutions (2) 1000 Regions Visited (3) 600 Robots Destroyed (57) 285 Value Destroyed (1363) 1363 Prototype IDs (0) 0 Alien Tech Used (0) 0 Bonus (160) 160 TOTAL SCORE: 3408 Bonus ------- High Alert Combat Kills 160 Cogmind --------- Core Integrity 0/550 Matter 135/300 Energy 60/100 System Corruption 3% Temperature Cool (15) Movement Flying (37) Location -8/Materials Parts ------- > --- POWER (1) -------- (None) > --- PROPULSION (3) --- Flight Unit Flight Unit > --- UTILITY (5) ------ Signal Interpreter Improved Terrain Scan Processor > --- WEAPON (2) ------- (None) > --- INVENTORY (5) ---- Flight Unit Peak State ------------ > --- POWER ------------ (None) > --- PROPULSION ------- Flight Unit Flight Unit Flight Unit > --- UTILITY ---------- Signal Interpreter Improved Terrain Scanner Improved Terrain Scan Processor > --- WEAPON ----------- Maul Maul > --- INVENTORY -------- Flight Unit Flight Unit Flight Unit Rocket Launcher [Rating: 14] Favorites ----------- Power Light Ion Engine Engine Light Ion Engine Power Core Light Nuclear Core Propulsion Light Treads Treads Light Treads Flight Unit Flight Unit Utility Signal Interpreter Device Sensor Array Storage Small Storage Unit Processor Signal Interpreter Hackware Hacking Suite Weapon Medium Laser Energy Gun Medium Laser Ballistic Gun Assault Rifle Ballistic Cannon Light Cannon Launcher Rocket Launcher Impact Weapon Flail Slashing Weapon Mining Claw Build | -11 -10 -9 -8 ------- Run | Yrd Mat Mat Mat Slots Evolved 4 | . . 2 2 Power . | . . . . Propulsion 1 | . . 1 . Utility 3 | . . 1 2 Weapon . | . . . . Parts Attached 34 | 5 4 16 9 Power 5 | . 1 4 . Engine 4 | . 1 3 . Core 1 | . . 1 . Reactor . | . . . . Propulsion 12 | 2 . 6 4 Treads 2 | 2 . . . Leg . | . . . . Wheel . | . . . . Hover . | . . . . Flight 10 | . . 6 4 Utility 6 | 1 1 2 2 Device 2 | . . 1 1 Storage 1 | 1 . . . Processor 2 | . 1 . 1 Hackware 1 | . . 1 . Protection . | . . . . Artifact . | . . . . Weapon 11 | 2 2 4 3 Energy Gun 1 | 1 . . . Energy Cannon . | . . . . Ballistic Gun 1 | 1 . . . Ballistic Cannon 1 | . 1 . . Launcher 3 | . . 1 2 Special Weapon . | . . . . Impact Weapon 4 | . . 3 1 Slashing Weapon 1 | . 1 . . Piercing Weapon . | . . . . Special Melee Weapon . | . . . . Unidentified Prototypes . | . . . . Corrupted Parts 1 | . . . 1 System Corruption 3 | . . . 3 Parts Lost 14 | . 3 2 9 Power 2 | . . 1 1 Propulsion 4 | . 1 . 3 Utility 3 | . . 1 2 Weapon 5 | . 2 . 3 Highest Loss Streak 7 | . 2 2 7 To Critical Strikes . | . . . . Average Slot Usage (%) 80 | . 75 97 64 Engine 3 | . . 11 5 Treads 15 | . 25 . . Flight 11 | . . 33 22 Device 2 | . . 9 1 Storage 8 | . 14 . . Processor 10 | . 10 11 13 Hackware 3 | . . 10 3 Energy Gun 6 | . 11 . . Ballistic Gun 4 | . 7 . . Launcher 1 | . . 5 . Impact Weapon 4 | . . 10 17 Slashing Weapon 4 | . 4 4 . Naked Turns . | . . . . Heaviest Build 12 | 9 10 12 10 Greatest Support 40 | 40 40 12 12 Greatest Overweight (x) . | . . . . Average Overweight (x) . | . . . . Largest Inventory Capacity 8 | 8 8 8 5 Average Capacity 6 | 6 8 5 5 Most Carried 8 | 2 8 8 5 Average Carried 5 | . 7 4 4 Final Capacity 8 | 8 8 5 5 Final Carried 8 | 1 8 4 1 Class Distribution -------------------- 68% | Mutant 31% | Scavenger-Mutant Dominant Class ---------------- Mutant | -10/Materials Scavenger-Mutant | -9/Materials Mutant | -8/Materials Resources | -11 -10 -9 -8 ----------- Run | Yrd Mat Mat Mat Matter Collected 800 | 227 202 308 63 Remotely . | . . . . Salvage Created 1344 | . 479 522 343 Parts 85 | . 30 29 26 Haulers Intercepted 1 | . 1 . . Recyclers Shooed . | . . . . Parts Field Recycled . | . . . . Retrieved Matter . | . . . . Parts Self-Destructed . | . . . . Prevented . | . . . . Kills | -11 -10 -9 -8 ------- Run | Yrd Mat Mat Mat Combat Hostiles Destroyed 37 | . 14 13 10 Melee 4 | . . . 4 Guns 14 | . 14 . . AOE 14 | . . 11 3 Classes Destroyed 11 | . 5 5 1 Worker 1 | . . . 1 Builder 4 | . . 4 . Hauler 1 | . 1 . . Recycler 1 | . . 1 . Operator 6 | . 2 3 1 Watcher 7 | . 3 4 . Swarmer 12 | . 9 . 3 Grunt 18 | . 5 9 4 Brawler 2 | . . 1 1 Duelist 1 | . . 1 . Sentry 4 | . . 2 2 Best Kill Streak 8 | . 6 8 5 Combat Bots Only 7 | . 6 7 4 Max Kills in Single Turn 4 | . 2 4 1 Gunslinging 1 | . 1 . . Exploded 2 | . . 2 1 Melee 1 | . . . 1 Uniques/NPCs Destroyed . | . . . . Combat | -11 -10 -9 -8 -------- Run | Yrd Mat Mat Mat Hostile Shots Fired 206 | . 75 31 100 Missed 65 | . 22 16 27 Damage Taken 1921 | . 565 300 1056 Core 767 | . 90 115 562 Absorbed by Shields . | . . . . Core Remaining (%) 78 | 100 64 71 . Volleys Fired 84 | . 53 27 4 Largest 2 | . 2 1 1 Hottest 85 | . 85 33 33 Shots Fired 135 | . 104 27 4 Gun 103 | . 103 . . Cannon 1 | . 1 . . Launcher 31 | . . 27 4 Special . | . . . . Kinetic 51 | . 51 . . Thermal 53 | . 53 . . Explosive 31 | . . 27 4 Electromagnetic . | . . . . Robot Hit Streak 11 | . 11 5 3 Robot Miss Streak 8 | . 8 2 1 Penetration Max . | . . . . Secondary Targets 4 | . 4 . . Max Gunslinging Chain 1 | . 1 . . Shots Hit Robots 107 | . 63 23 21 Core Hits 68 | . 23 31 14 Critical Kills . | . . . . Critical Parts Destroyed 10 | . . 4 6 Critical Strikes 14 | . 4 4 6 Burn 4 | . 4 . . Smash 10 | . . 4 6 Melee Attacks 71 | . 8 27 36 Impact 58 | . . 22 36 Slashing 13 | . 8 5 . Piercing . | . . . . Sneak Attacks 6 | . 1 4 1 Combat Hostiles 1 | . . 1 . Follow-up Attacks 6 | . . 1 5 Damage Inflicted 4158 | . 892 2207 1059 Guns 764 | . 764 . . Cannons 18 | . 18 . . Explosions 2072 | . . 1605 467 Melee 1304 | . 110 602 592 Ramming . | . . . . Kinetic 360 | . 360 . . Thermal 519 | . 422 97 . Explosive 1975 | . . 1508 467 Electromagnetic . | . . . . Impact 1144 | . . 552 592 Slashing 160 | . 110 50 . Piercing . | . . . . Highest Corruption 3 | . . . 3 Average Corruption 3 | . . . 3 Corruption Purged . | . . . . Corruption Blocked . | . . . . Overload Shots . | . . . . Overflow Damage 741 | . 33 460 248 Projectiles . | . . . . Explosions 146 | . . 130 16 Melee 595 | . 33 330 232 Knockbacks 6 | . . 2 4 Impact 5 | . . 2 3 Kinetic . | . . . . Secondary 1 | . . . 1 Self-Inflicted Damage 131 | . . 98 33 Shots 4 | . . 3 1 Rammed . | . . . . Targets Rammed . | . . . . Kicked . | . . . . Crushed . | . . . . Highest Temperature 26 | . 26 10 9 Average Temperature 9 | . 12 3 4 Received Heat Transfer 771 | . 114 90 567 Siege Activations . | . . . . Robots Corrupted . | . . . . Combat Hostiles . | . . . . Parts Fried 17 | . . 14 3 Impact Corruptions 25 | . . 15 10 Robots Melted 1 | . 1 . . Combat Hostiles . | . . . . Parts Melted 4 | . 4 . . Heat Transferred 1704 | . 1554 150 . Parts Sabotaged . | . . . . Parts Stolen . | . . . . Parts Stripped . | . . . . Power Chain Reactions . | . . . . Alert | -11 -10 -9 -8 ------- Run | Yrd Mat Mat Mat Peak Influence 705 | . 275 705 536 Initial 271 | . . . 271 Average 211 | . 138 323 410 Maximum Alert Level 3 | . 1 3 2 Low Security (%) 59 | 100 73 45 . Level 1 22 | . 26 10 41 Level 2 16 | . . 40 58 Level 3 . | . . 3 . Level 4 . | . . . . Level 5 . | . . . . High Security . | . . . . Max Security . | . . . . Squads Dispatched 7 | . 2 3 2 Investigation 1 | . . . 1 Extermination . | . . . . Reinforcement 6 | . 2 3 1 Assault . | . . . . Garrison . | . . . . Intercept . | . . . . Searches Triggered . | . . . . Construction Impeded 1 | . . 1 . Haulers Reinforced . | . . . . Active Scanning Responses . | . . . . Cargo Convoy Interrupts . | . . . . Stealth | -11 -10 -9 -8 --------- Run | Yrd Mat Mat Mat Distress Signals 6 | . 1 4 1 Communications Jammed . | . . . . Distress Signals . | . . . . Times Spotted 68 | . 22 22 24 Peak Tracking Total 14 | . 7 7 14 Tactical Retreats 6 | . 1 3 2 Traps | -11 -10 -9 -8 ------- Run | Yrd Mat Mat Mat Traps Triggered 2 | . 2 . . Indirectly . | . . . . Trap Hack Attempts . | . . . . Triggered . | . . . . Disarmed . | . . . . Reprogrammed . | . . . . Reused . | . . . . Traps Extracted . | . . . . Installed . | . . . . Triggered . | . . . . Machines | -11 -10 -9 -8 ---------- Run | Yrd Mat Mat Mat Machines Disabled 3 | . . 3 . Max in Single Turn 1 | . . 1 . Machines Repaired . | . . . . Machines Dismantled . | . . . . Machines Sabotaged . | . . . . Overloaded Fab Kills . | . . . . Hacking | -11 -10 -9 -8 --------- Run | Yrd Mat Mat Mat Machines Accessed 11 | . 5 4 2 Terminals 11 | . 5 4 2 Fabricators . | . . . . Repair Stations . | . . . . Recycling Units . | . . . . Scanalyzers . | . . . . Garrison Access . | . . . . Total Hacks 25 | . 12 8 5 Successful 15 | . 6 7 2 Failed 10 | . 6 1 3 Catastrophic . | . . . . Database Lockouts . | . . . . Manual 22 | . 10 7 5 Terminals 25 | . 12 8 5 Fabricators . | . . . . Repair Stations . | . . . . Recycling Units . | . . . . Scanalyzers . | . . . . Garrison Access . | . . . . Terminal Hacks 3 | . 2 1 . Alert Level 1 | . . 1 . Locate Traps 1 | . 1 . . Disarm Traps 1 | . 1 . . Fabricator Hacks . | . . . . Repair Station Hacks . | . . . . Recycling Unit Hacks . | . . . . Scanalyzer . | . . . . Garrison Access Hacks . | . . . . Unauthorized Hacks 12 | . 4 6 2 Terminals 12 | . 4 6 2 Track 2 | . . 2 . Botnet 10 | . 4 4 2 Fabricators . | . . . . Repair Stations . | . . . . Recycling Units . | . . . . Scanalyzers . | . . . . Garrison Access . | . . . . Data Cores Recovered 1 | . . 1 . Used . | . . . . Hacking Detections 8 | . 3 3 2 Full Trace Events 1 | . . . 1 Feedback Events . | . . . . Feedback Blocked . | . . . . Robot Schematics Acquired . | . . . . Robots Built . | . . . . Authchips . | . . . . Time . | . . . . Total Robot Build Rating . | . . . . Part Schematics Acquired . | . . . . Parts Built . | . . . . Authchips . | . . . . Time . | . . . . Total Part Build Rating . | . . . . Parts Repaired . | . . . . Time . | . . . . Parts Recycled . | . . . . Recycled Matter . | . . . . Retrieved Matter . | . . . . Retrieved Components . | . . . . Parts Scanalyzed . | . . . . Part Schematics Acquired . | . . . . Parts Damaged . | . . . . Bothacking | -11 -10 -9 -8 ------------ Run | Yrd Mat Mat Mat Used RIF Installer . | . . . . Robots Hacked . | . . . . Non-combat . | . . . . Combat . | . . . . Robot Hacks Applied . | . . . . Relay Couplers Released . | . . . . Fabnet Peak Effective % . | . . . . Robots Rewired . | . . . . Allies Hacked . | . . . . Hacks Repelled . | . . . . Allies | -11 -10 -9 -8 -------- Run | Yrd Mat Mat Mat Total Allies . | . . . . Largest Group . | . . . . Highest-Rated Group . | . . . . Highest-Rated Ally . | . . . . Total Orders . | . . . . Ally Attacks . | . . . . Total Damage . | . . . . Kills . | . . . . Allies Corrupted . | . . . . Allies Melted . | . . . . Intel | -11 -10 -9 -8 ------- Run | Yrd Mat Mat Mat Robot Analysis Total . | . . . . Derelict Logs Recovered . | . . . . Drone Launches . | . . . . Drone Recoveries . | . . . . Exploration | -11 -10 -9 -8 ------------- Run | Yrd Mat Mat Mat Turns Passed 2065 | 65 1239 548 213 Spaces Moved 1654 | 37 626 783 208 Core 4 | 4 . . . Treads 659 | 33 626 . . Legs . | . . . . Wheels . | . . . . Hover . | . . . . Flight 991 | . . 783 208 Fastest Speed 34 | 50 160 34 34 Average Speed 84 | 148 160 34 34 Slowest Speed 160 | 160 160 34 37 Overloaded Moves . | . . . . Propulsion Burnouts . | . . . . Robots Hopped . | . . . . Cave-ins Triggered . | . . . . Exploration Rate (%) 34 | 3 68 45 23 Regions Visited 3 Branch Regions . Pre-discovered Areas . | . . . . Known Exits Taken 2 | . 1 1 . Unknown Exits Taken 1 | 1 . . . Scrap Searched . | . . . . Spaces Dug 7 | . . 7 . Terrain Destroyed 224 | . . 194 30 Melee 7 | . . 7 . Projectile . | . . . . AOE 217 | . . 187 30 Terrain Rammed . | . . . . Walls Destroyed . | . . . . Machines Disabled . | . . . . Actions | -11 -10 -9 -8 --------- Run | Yrd Mat Mat Mat Total 2075 | 47 744 1000 284 Wait 190 | . 40 127 23 Move 1651 | 36 625 782 208 Hop . | . . . . Pick Up 36 | 6 12 12 6 Fast Attach . | . . . . Attach 23 | 5 3 9 6 Detach 1 | . . 1 . Swap 11 | . 1 7 3 Drop 16 | . 2 10 4 Fire 84 | . 53 27 4 Melee 63 | . 8 25 30 Ram . | . . . . Kick . | . . . . Crush . | . . . . Escape Stasis . | . . . . Rewire . | . . . . Trap . | . . . . Miscellaneous . | . . . . Route ------- -11/Scrapyard -10/Materials (discovered 3 exits: *Mat x2 / [*Min]) -9/Materials (discovered 2 exits: *Mat / [*Min]) -8/Materials History --------- Turn | Location | Event 16 | -11/Scrapyard | Discovered new exit (range 15) 66 | -11/Scrapyard | Entered Materials 314 | -10/Materials | Build established: Mutant 403 | -10/Materials | Discovered new exit (range 3) 407 | -10/Materials | Identified exit to Materials 983 | -10/Materials | Discovered exit to Materials (range 8) 1085 | -10/Materials | Discovered new exit (range 16) 1305 | -10/Materials | Entered another Materials area 1305 | -9/Materials | Evolved 2 slots: Propulsion x1, Utility x1 1587 | -9/Materials | Build established: Scavenger-Mutant 1669 | -9/Materials | Destroyed 7 combat bots 1810 | -9/Materials | Discovered new exit (range 3) 1811 | -9/Materials | Identified exit to Materials 1817 | -9/Materials | Discovered new exit (range 15) 1853 | -9/Materials | Entered another Materials area 1853 | -8/Materials | Evolved 2 slots: Utility x2 2049 | -8/Materials | Core integrity fell below 50% 2064 | -8/Materials | Core integrity fell below 20% 2066 | -8/Materials | Destroyed by G-47 Trooper with Particle Gun Last Messages --------------- Critical hit (Burn: +37). Y-45 Defender suffers critical hit (Smash). Destroyed Heat Sink. Y-45 Defender system corrupted by crushing effect. Maul follow-up attack on Y-45 Defender. Y-45 Defender system terminally corrupted. Imp. Ion Engine fried. Flight Unit destroyed. Maul destroyed. Destroyed Imp. Heat Sink. Rocket Launcher destroyed. Destroyed Rocket Launcher. Maul destroyed. Destroyed Maul. Y-45 Defender destroyed. The unstable cave ceiling collapses. Heat Sink crushed. Integrated Corrupted Flight Unit (+3). Slug penetrates Earth. Critical hit (Burn: +37). Map ----- +----------------------------------------------------+ | ????????????????????????????????????????# | | ????????????????????????????????????????# | | ???????????????????###########??????????# | | ???????????????????# """ """ #??????????# | | ???????????????????# """ """[############ | | ???????????????????# """ """%+ """"" | | ???????????????????# ##### ""T"" | | ???????????????????#! #??#" | | ???????????????????# !#??#T | | ???????????????????#! #??#" """" | | ?????????????????### #??## | """" | | ???????????#?????#######+######### """" | | ???????#?#?###?##?# / = | | ????????##?????#?## | | ????????#?#???#???# | | ???????#?????#?##?########## % | | ?????#???#????##??###??????# ! | | ????##?#?###?#????????###??############## | | ??????????###???????#??#?#??###???#??# | | ????#?####????????#?#??##?????????##?# | | ???#??#???????#?#?#???#######?##?##### | | ??????#?##?##??#?###### ##???# + | | ??#????#?##?#?#?## ###### # ! | | ??#???#????##?#### # | | ??????????## # # ###### + | | #####?#???# t% @g= ## #????# # | | ?#?##???#?# !=gg#=[ ####+####??## # | | ?##?##????# [*g/Y!% ## ]#??## #### | | ?????#??#?#### g *[= ## T #??# ### | | ???????#??########h= ## #??# | | ? ??" #?#?#?? ?? #%! ## = #??# | | ???"? ?#?????? ? #=! ## #??# | | ????? #????? ????# ## #??# ### | | ??? +??? ? ??? # #########??#######? | | ???"" #?? ???##?##" ## ?"??????? ?????? | | ????"???? ##?#?? % #??"???????????#?#* | | ????????? ??? ? " ?????? ??????????# | | ????????? ?? = +? ?? ?????????#?#* | | ??????# ???? ???? #??????? ????????## | | ???????##?#?#???# # ?? ???????????? | | ??????????##?????## ####?##?????????? ??? | | ????????????????##? ?#??????????#???????? | | ??????????????????? ????????????????????? | | ??????????????????????????????????#?????? | | ????????????????????????????????????????? | | ????????????????????#???????????????????? | | ???????????????????????#????????????????? | | ????????????????????????????????????????? | | ????????????????????????????????????????? | | ????????????????????????????????????????? | +----------------------------------------------------+ Best States ------------- Heat Dissipation 31 Energy Generation 10 Energy Capacity 125 Matter Stores 300 Matter Capacity 300 Sight Range 16 Robot Scan Range 14 Terrain Scan Range 16 Terrain Scan Density 110 Evasion (%) 63 Recoil Reduction 2 Offensive Hacking 10 Item Schematics ----------------- None Robot Schematics ------------------ None Fabricated ------------ Nothing Alien Tech Used ----------------- None Achievements -------------- None Challenges ------------ None Game ------ Seed SubatomicMetafiberTorch Manual? 0 Play Time 00:21:05 Cumulative 30.2 hours Start 2024.04.06 @ 18:17:28 End 2024.04.06 @ 18:38:44 Sessions 1 Manual Loads 0 Difficulty Rogue Special Mode None Game No. 43 Rogue 43 Adventurer 0 Explorer 0 Win Type - Total 0 Types 0/0/0/0/0/0/0/0/0 Lore% 13 Gallery% 34 Achievement% 30 Wizard Run 0 Options --------- Layout 1 ASCII 0 Keyboard 0 Movement Mouse Keybinds 0 Fullscreen 1 Font 32/SmallcapsGlow Map View 77x35 Zoom Use 0% Tactical HUD 0 Map Filters NONE Filters NONE Steam 1 RUN: 0e611e92-cbc3-46d5-8740-c6e396099479